 Dungeon Crawl Stone Soup version 0.19.3-4-gbf9329e (webtiles) character file.

58 Jerry the Insei (level 4, 0/28 HPs)
             Began as an Octopode Transmuter on Jan 30, 2017.
             Was an Initiate of Cheibriados.
             Slain by a gnoll
             ... wielding a +0 club
              (8 damage)
             ... on level 2 of the Dungeon.
             The game lasted 00:03:56 (1499 turns).

Jerry the Insei (Octopode Transmuter)               Turns: 1499, Time: 00:03:58

Health: 0/28       AC:  2    Str: 10    XL:     4   Next: 2%
Magic:  5/7        EV: 20    Int: 16    God:    Cheibriados [......]
Gold:   118        SH:  0    Dex: 19    Spells: 2 memorised, 3 levels left

rFire  . . .     SeeInvis .       - Unarmed
rCold  . . .     Gourm    .     (shield currently unavailable)
rNeg   . . .     Faith    .     (helmet currently unavailable)
rPois  x         Spirit   .     (no amulet)
rElec  .         Reflect  .     k - ring of protection from magic
rCorr  +         Harm     .     m - ring of resist corrosion (curse)
MR     +....                    (no ring)
Stlth  ++........               (no ring)
                                (no ring)
                                (no ring)
                                (no ring)
                                (no ring)

@: spider-form (expiring), very slow
A: almost no armour, stealthy swim, (amphibious), 8 rings, (constrict 8),
(camouflage 0), (gelatinous body 0)
a: End Transformation, Bend Time, Renounce Religion


You were on level 2 of the Dungeon.
You worshipped Cheibriados.
Cheibriados was noncommittal.
You were very hungry.
You were a venomous arachnid creature.
You visited 1 branch of the dungeon, and saw 2 of its levels.

You collected 118 gold pieces.

Inventory:

Missiles
 a - 48 arrows
Jewellery
 k - a ring of protection from magic (left front leg)
 m - a cursed ring of resist corrosion (right front leg)
Wands
 n - a wand of polymorph (9/24)
Scrolls
 f - 3 scrolls of identify {unknown}
 o - a scroll of teleportation {unknown}
 p - a scroll of recharging {unknown}
Potions
 e - a potion of brilliance {unknown}
 g - 2 potions of lignification {unknown}
 h - 4 potions of curing {unknown}
 i - a potion of beneficial mutation {unknown}
 j - a potion of might {unknown}
 q - 2 potions of cancellation {unknown}
 r - a potion of degeneration {unknown}
Books
 b - a book of Changes

   Spells                             Type                      Level
   a - Beastly Appendage              Transmutation                1
   b - Sticks to Snakes               Transmutation                2
   c - Spider Form                    Transmutation/Poison         3
   d - Ice Form                       Ice/Transmutation            4
   e - Blade Hands                    Transmutation                5
Comestibles
 c - 2 bread rations
 l - a meat ration


   Skills:
 - Level 1.0 Fighting
 + Level 2.5 Dodging
 + Level 1.7 Stealth
 * Level 3.9 Unarmed Combat
 - Level 2.0 Spellcasting
 + Level 2.4 Transmutations


You had 3 spell levels left.
You knew the following spells:

 Your Spells              Type           Power        Failure   Level  Hunger
a - Beastly Appendage     Tmut           #.....       24%         1    #......
b - Spider Form           Tmut/Pois      #.........   61%         3    ###....


Dungeon Overview and Level Annotations

Branches:
Dungeon (2/15)

Altars:
Cheibriados


Innate Abilities, Weirdness & Mutations

You cannot wear most types of armour.
You are very stealthy in the water. (Stealth+)
((You are amphibious.))
You can wear up to eight rings at the same time.
((You can use your tentacles to constrict eight enemies at once.))
((Your skin changes colour to match your surroundings (Stealth+).))
((Your rubbery body absorbs attacks. (AC +1, EV +1)))


Message History

The jackal bites you. The gnoll hits you with a club.
The gnoll closely misses you.
You barely miss the gnoll.
The gnoll is heavily wounded.
The jackal misses you. The jackal closely misses you. The gnoll misses you.
The gnoll hits you but does no damage.
You hit the gnoll.
The gnoll is poisoned.
The gnoll is heavily wounded.
The jackal bites you.
The gnoll hits you from afar with a spear!
You hit the gnoll but do no damage.
The gnoll looks as sick as possible!
The gnoll is heavily wounded.
The gnoll barely misses you. The jackal completely misses you.
You hit the gnoll but do no damage.
The gnoll looks as sick as possible!
The gnoll is severely wounded.
The jackal misses you.
The gnoll hits you from afar with a spear.
* * * LOW HITPOINT WARNING * * *
The gnoll hits you with a club!
You die...

... ..
#.#.# #.#
#.... ...
#.#># #.#
#....g..
########
#%#.#g#.#.#
.......#
#...gr...(.
.......#
#.#s#.#.#.
.......#
#...h.....#
.......###
#.#########
.).......#
#.#
.........#
#.#
.........#
#.#
.......###
#.#
.........#
#.#
.....(.#.#
#)#


You could see 3 gnolls, a jackal and a rat.

Vanquished Creatures
  2 adders
  An ooze (D:2)
  A worm (D:2)
  2 leopard geckos
  3 giant cockroaches
  5 goblins
  4 hobgoblins
  A quokka (D:2)
  7 bats
  2 frilled lizards (D:1)
  A kobold (D:1)
  2 rats
31 creatures vanquished.

Notes
Turn   | Place    | Note
-------+----------+-------------------------------------------
     0 | D:1      | Jerry the Octopode Transmuter began the quest for the Orb.
     0 | D:1      | Reached XP level 1. HP: 13/13 MP: 3/3
   281 | D:1      | Reached XP level 2. HP: 14/18 MP: 3/5
   332 | D:1      | Reached skill level 1 in Stealth
   417 | D:1      | Reached XP level 3. HP: 23/23 MP: 3/6
  1036 | D:2      | Found a snail-covered altar of Cheibriados.
  1051 | D:2      | Became a worshipper of Cheibriados the Contemplative
  1244 | D:2      | Reached XP level 4. HP: 8/28 MP: 7/7
  1488 | D:2      | Learned a level 3 spell: Spider Form
  1499 | D:2      | Slain by a gnoll

Skill      XL: |  1  2 |
---------------+-------+-----
Stealth        | 1 |  1.7
Fighting       | |  1.0
Dodging        | |  2.5
Unarmed Combat | |  3.9
Spellcasting   | |  2.0
Transmutations | |  2.4

Action                   |  1- 3 |  4- 6 || total
-------------------------+-------+-------++-------
Melee: Unarmed           |    69 |     8 ||    77
       Constrict         |    18 |       ||    18
       Tentacles         |    13 |       ||    13
       Kick              |     6 |       ||     6
 Cast: Beastly Appendage |     7 |       ||     7
       Spider Form       |       |     1 ||     1
 Stab: Sleeping          |     5 |       ||     5
  Eat: Chunk             |     1 |       ||     1
Armor: Skin              |    13 |     1 ||    14
Dodge: Dodged            |    49 |    14 ||    63
